 Dungeon Crawl Stone Soup version 0.31.0-10-gcf4a605ca0 (webtiles) character file.

Game seed: 11805538464570963522

93 Gadfly the Ruffian (level 4, 0/33 HPs)
             Began as a Demonspawn Shapeshifter on Jan 26, 2024.
             Fell down a flight of stairs (1 damage)
             ... on level 3 of the Dungeon.
             The game lasted 00:02:29 (1677 turns).

Gadfly the Ruffian (Demonspawn Shapeshifter)        Turns: 1677, Time: 00:02:30

Health: 0/33       AC:  4    Str: 16    XL:     4   Next: 37%
Magic:  4/4        EV: 12    Int: 10    God:
Gold:   143        SH:  0    Dex: 13    Spells: 3/3 levels left

rFire   . .          .
                       - Unarmed
rCold   . . .        (no shield)
rNeg    . . .        a - +0 animal skin
rPois   .            (helmet currently unavailable)
rElec   .            (cloak currently unavailable)
rCorr   .            f - melded +0 pair of gloves
SInv    .            (boots currently unavailable)
Will    .....        g - amulet of regeneration
Stlth   +            (no ring)
HPRegen 1.05/turn    (no ring)
MPRegen 0.09/turn

%: no passive effects
@: confused, beast-form
A: beast (slay +1), yellow scales 1, condensation shield
a: Begin Untransformation


You were on level 3 of the Dungeon.
You were a hulking beast.
You visited 1 branch of the dungeon, and saw 3 of its levels.

You collected 143 gold pieces.

Inventory:

Armour
 a - a +0 animal skin (worn)
 f - a +0 pair of gloves (melded)
Jewellery
 g - an amulet of regeneration (around neck)
Talismans
 c - a beast talisman (active)
 d - a flux talisman
Potions
 b - a potion of lignification
 h - a potion of degeneration {unknown}
 i - a potion of brilliance {unknown}
 j - a potion of heal wounds {unknown}
 l - a potion of curing


   Skills:
 + Level 1.8 Fighting
 * Level 2.7 Dodging
 + Level 3.0 Unarmed Combat
 * Level 2.0 Evocations
 + Level 2.9 Shapeshifting


You had 3 spell levels left.
You didn't know any spells.
Your spell library was empty.

Dungeon Overview and Level Annotations

Branches:
Dungeon (3/15)

Altars:


Innate Abilities, Weirdness & Mutations

You are a hulking beast.
Your limbs bulge with bestial killing power. (Slay +1)
You are partially covered in yellow scales. (AC +2)
A meltable shield of frost defends you. (SH +4)


Message History

There is a stone staircase leading down here.
You climb downwards.
The orc shouts!
The orc priest shouts! x2; The orc wizard shouts!
The orc shouts!
There is a stone staircase leading up here.
There are monsters nearby!
Search for what [Enter for "armo", or ? for help]? ran
There are monsters nearby!
You hit the orc priest.
The orc priest is moderately wounded.
The orc priest calls upon Beogh to heal the orc priest.
The orc priest is healed somewhat.
The orc wizard gestures at you while chanting.
You are confused.
You are too confused!
You are too confused!
You are too confused!
You are too confused!
You are too confused!
You are too confused!
You are too confused!
You are too confused!
You are too confused!
Unknown command.
The orc priest closely misses you.
The orc wizard hits you but does no damage.
In your confused state, you trip and fall back down the stairs.
The orc hits you with a +0 whip.
The orc wizard hits you but does no damage.
The orc priest closely misses you.
Unknown command.
The orc closely misses you.
The orc wizard hits you with a +0 dagger.
The orc priest invokes the aid of Beogh against you.
Beogh smites you!
The orc priest invokes the aid of Beogh against you.
Beogh smites you!
* * * LOW HITPOINT WARNING * * *
In your confused state, you trip and fall back down the stairs.
You die... ####o######### ....oooho....# ..##########.#

You could see 2 orc priests, an orc wizard and 2 orcs.

Vanquished Creatures
  2 gnolls (D:1)
  3 adders (D:2)
  A dart slug (D:1)
  A ribbon worm (D:2)
  2 bats
  3 endoplasms
  2 giant cockroaches
  4 goblins
  3 hobgoblins
  8 jackals (D:2)
  4 kobolds
  6 ball pythons
  2 frilled lizards
  A rat (D:2)
42 creatures vanquished.

Notes
Turn   | Place    | Note
-------+----------+-------------------------------------------
     0 | D:1      | Gadfly the Demonspawn Shapeshifter began the quest for the
                  | Orb.
     0 | D:1      | Reached XP level 1. HP: 15/15 MP: 1/1
   184 | D:1      | Gained mutation: You are partially covered in yellow
                  | scales. (AC +2) [demonic ancestry]
   184 | D:1      | Reached XP level 2. HP: 21/21 MP: 2/2
   480 | D:1      | Reached skill level 1 in Evocations
   846 | D:1      | Gained mutation: A meltable shield of frost defends you.
                  | (SH +4) [demonic ancestry]
   846 | D:1      | Reached XP level 3. HP: 26/26 MP: 3/3
  1191 | D:2      | Reached skill level 3 in Unarmed Combat
  1237 | D:2      | Reached XP level 4. HP: 19/33 MP: 4/4
  1676 | D:3      | HP: 1/33 [orc priest/divine providence (13)]
  1677 | D:3      | Fell down a flight of stairs

Illustrated notes

Levels and vault maps discovered:
D:1:      elethiomel_arrival_maze, layout_loops_ring, serial_bayou,
          serial_bayou_shore_b, serial_bayou_lagoon_a, serial_bayou_pond_a,
          serial_bayou_lake_a, nicolae_concentric_dashed_squares_wild,
          minmay_tromino_v4_a
D:2:      layout_loops_cross, st_stairs_11
D:3:      layout_loops_ring, general_overflow_altar

Skill      XL: |  1  2  3  4 |
---------------+-------------+-----
Dodging        | 2 |  2.7
Evocations     | 1 2 |  2.0
Unarmed Combat | 3 |  3.0
Fighting       | |  1.8
Shapeshifting  | |  2.9

Action                     |  1- 3 |  4- 6 || total
---------------------------+-------+-------++-------
  Melee: Unarmed           |   129 |    30 ||   159
         Punch             |     4 |       ||     4
Ability: Begin Untransform |       |     1 ||     1
    Use: Scroll            |     3 |     2 ||     5
         Potion            |       |     1 ||     1
   Stab: Sleeping          |     3 |       ||     3
 Armour: Animal skin       |    61 |    18 ||    79
  Dodge: Dodged            |    81 |    18 ||    99
  Block: Other             |    13 |     6 ||    19
   Form: Beast             |       |     1 ||     1
